 Dungeon Crawl Stone Soup version 0.32-a0-292-g751ec8d2e7 (webtiles) character file.

Game seed: 3808294082058030490

8589 brrff the Protected (level 11, -18/92 HPs)
             Began as a Minotaur Gladiator on Feb 14, 2024.
             Was a Believer of the Shining One.
             Killed from afar by a rakshasa (illusionary) (22 damage)
             ... with a lance of force
             ... on level 8 of the Dungeon.
             The game lasted 00:41:23 (9154 turns).

brrff the Protected (Minotaur Gladiator)            Turns: 9154, Time: 00:41:25

Health: -18/92     AC: 16    Str: 20    XL:     11   Next: 11%
Magic:  10/10      EV: 14    Int:  7    God:    the Shining One [**....]
Gold:   174        SH:  0    Dex: 11    Spells: 5/10 levels left

rFire   . . .        K - +8 long sword "Ikhyat" {venom, Fly rN+ Will+ Int-2}
rCold   . . .        (no shield)
rNeg    + + .        J - +3 chain mail
rPois   .            c - +0 hat
rElec   .            (no cloak)
rCorr   .            (no gloves)
SInv    +            H - +2 pair of slick slippers {slick, slippery, EV+4}
Will    +....        w - amulet of regeneration Stlth
                     i - ring of see invisible
HPRegen 1.15/turn    z - +4 ring of slaying
MPRegen 0.12/turn

%: no passive effects
@: flying, hasted, glowing, very quick
A: horns 2, retaliatory headbutt
a: Renounce Religion, Divine Shield


You were on level 8 of the Dungeon.
You worshipped the Shining One.
The Shining One was pleased with you.
You visited 2 branches of the dungeon, and saw 9 of its levels.

You collected 525 gold pieces.
You spent 351 gold pieces at shops.

Inventory:

Hand Weapons
 a - a +0 flail
 g - a +5 dagger of venom
 n - a +1 scythe of flaming
 p - a +0 falchion of freezing
 s - a +2 dagger of venom
 v - a +1 whip of freezing
 y - a +4 dagger
 K - the +8 long sword "Ikhyat" (weapon) {venom, Fly rN+ Will+ Int-2}
   (You found it on level 7 of the Dungeon)

   Int-2:     It affects your intelligence (-2).
   rN+:       It protects you from negative energy.
   Will+:     It increases your willpower.
   Fly:       It grants you flight.
 L - a +1 trident of protection
 N - a +4 battleaxe
 O - a +1 dire flail
 R - a +0 orcbow
Missiles
 d - 4 throwing nets
 e - a javelin
Armour
 b - a +0 leather armour
 c - a +0 hat (worn)
 f - a +1 ring mail
 q - a +0 helmet
 t - a +0 animal skin
 x - +0 fire dragon scales
 H - the +2 pair of slick slippers (worn) {slick, slippery, EV+4}
   (You bought it in a shop on level 6 of the Dungeon)

   Slick:     Its wearer cannot be constricted, engulfed, netted or webbed.
   Slippery:  Its wearer slips away from damaging melee attacks, pulling the
   attacker onward.
   EV+4:      It affects your evasion (+4).
 J - a +3 chain mail (worn)
Magical Staves
 B - a staff of air
Jewellery
 i - a ring of see invisible (left hand)
 w - an amulet of regeneration (around neck)
 z - a +4 ring of slaying (right hand)
 E - a +6 ring of intelligence
Wands
 l - a wand of flame (37)
 m - a wand of paralysis (14)
 A - a wand of mindburst (15)
 C - a wand of digging (7)
Scrolls
 D - 2 scrolls of teleportation (quivered)
 F - 2 scrolls of identify
 I - a scroll of blinking {unknown}
 S - a scroll of vulnerability {unknown}
Potions
 h - a potion of haste
 j - 2 potions of magic
 o - a potion of degeneration
 u - 4 potions of mutation {unknown}
 G - a potion of curing {unknown}
 M - a potion of might {unknown}
 P - 2 potions of resistance {unknown}
 Q - a potion of enlightenment {unknown}


   Skills:
 + Level 7.4 Fighting
 + Level 8.4(10.0) Short Blades
 + Level 9.2(10.8) Long Blades
 + Level 5.3 Maces & Flails
 + Level 2.4 Throwing
 + Level 10.4 Armour
 + Level 6.8 Dodging
 + Level 2.3 Stealth
 + Level 3.7 Evocations


You had 5 spell levels left.
You knew the following spells:

 Your Spells              Type           Power      Damage    Failure   Level
a - Ozocubu's Armour      Ice            0%         N/A       100%        3
b - Jinxbite              Hex            0%         N/A       98%         2

Your spell library contained the following spells:

 Spells                   Type           Power      Damage    Failure   Level
 Ensorcelled Hibernation  Hex/Ice        0%         N/A       98%         2
 Fugue of the Fallen      Necr           0%         N/A       100%        3
 Passwall                 Erth           0%         N/A       100%        3
 Swiftness                Air            0%         N/A       100%        3
 Manifold Assault         Tloc           0%         N/A       100%        4
 Passage of Golubria      Tloc           0%         N/A       100%        4
 Silence                  Hex/Air        0%         N/A       100%        5
 Yara's Violent Unravell  Hex/Alch       0%         3d3       100%        5
 Enfeeble                 Hex            0%         N/A       100%        7
 Lehudib's Crystal Spear  Conj/Erth      0%         10d2      100%        8


Dungeon Overview and Level Annotations

Branches:
Dungeon (8/15)             Temple (1/1) D:6
   Lair: D:8-11

Altars:
Ashenzari
Dithmenos
Elyvilon
Fedhas
Hepliaklqana
Kikubaaqudgha
Makhleb
Nemelex Xobeh
Okawaru
Qazlal
Ru
Sif Muna
Trog
Uskayaw
Vehumet
Wu Jian
Xom
Yredelemnul
Zin
The Shining One

Shops:
D:6 **   D:7 [!


Innate Abilities, Weirdness & Mutations

You have a pair of horns on your head.
You reflexively headbutt those who attack you in melee.


Message History

You hit the rakshasa.
The rakshasa is heavily wounded.
The injured rakshasa weaves a defensive illusion!
The rakshasa hits you with a +0 whip.
* * * LOW HITPOINT WARNING * * *
The rakshasa closely misses you.
You feel yourself speed up. The rakshasa barely misses you.
The rakshasa completely misses you. The rakshasa hits you with a +0 whip!
* * * LOW HITPOINT WARNING * * *
You slip backwards!
The rakshasa barely misses you. The rakshasa attacks as it pursues you!
The rakshasa hits you with a +0 whip.
* * * LOW HITPOINT WARNING * * *
You completely miss the rakshasa.
The rakshasa is heavily wounded.
The rakshasa hits you with a +0 whip!
* * * LOW HITPOINT WARNING * * *
You slip backwards!
The rakshasa hits you but does no damage.
The rakshasa barely misses you.
You're too confused to move!
The rakshasa barely misses you.
You hit the rakshasa.
The rakshasa is heavily wounded.
You feel less invigorated.
You feel less confused. The rakshasa closely misses you.
You furiously retaliate!
You headbutt the rakshasa, but do no damage.
You completely miss the rakshasa.
The rakshasa is heavily wounded.
The rakshasa closely misses you. You furiously retaliate!
You headbutt the rakshasa! The rakshasa hits you with a +0 whip!
* * * LOW HITPOINT WARNING * * *
You hit the rakshasa. Your headbutt misses the rakshasa.
The rakshasa is severely wounded.
The rakshasa hits you with a +0 whip.
* * * LOW HITPOINT WARNING * * *
The rakshasa misses you. You furiously retaliate!
You headbutt the rakshasa! The rakshasa gestures at you.
The lance of force hits you!!
You die...

.................................
...###########################..#
.#....# #..
......################# ##### #..
###....##.............# ?...# #..
#..).##.#......#).#.# [..$# #.
#....#'.............# .../# #.
##....'....#####''####$._:# ##
#....#'....###@R.........?# #.
###....##....##RR..........?# #.
.......##....##.............# #..
......####################### #.
...#### .. ...# ...# ...# ####
#######


You could see 3 rakshasas.

Vanquished Creatures
  Gastronok (D:8)
  A rakshasa (D:8)
  A two-headed ogre (D:8)
  Pikel (D:3)
  Joseph (D:7)
  A gargoyle (D:7)
  Prince Ribbit (D:5)
  Sigmund (D:3)
  5 shadows (D:8)
  6 vampires (D:8)
  3 water moccasins
  4 ice beasts
  3 orc warriors
  A sky beast (D:7)
  A phantom (D:7)
  2 lemures
  2 centaurs
  4 kobold brigands
  2 bullfrogs
  2 gnoll sergeants
  2 scorpions
  4 wights (D:7)
  3 howler monkeys
  An electric eel (D:7)
  A jelly (D:6)
  4 hounds
  2 orc priests
  5 bombardier beetles
  A sleepcap (D:6)
  2 iguanas
  7 orc wizards
  Robin (D:3)
  8 gnolls
  3 adders (D:5)
  A shadow imp (D:6)
  2 white imps (D:7)
  2 ribbon worms
  A dart slug (D:3)
  35 orcs
  3 endoplasms
  2 giant cockroaches
  8 goblins
  6 hobgoblins
  2 jackals (D:5)
  18 kobolds
  3 quokkas
  2 ball pythons
  2 bats
  3 frilled lizards
  3 rats
180 creatures vanquished.

Notes
Turn   | Place    | Note
-------+----------+-------------------------------------------
     0 | D:1      | brrff the Minotaur Gladiator began the quest for the Orb.
     0 | D:1      | Reached XP level 1. HP: 18/18 MP: 0/0
   274 | D:1      | Reached XP level 2. HP: 18/25 MP: 1/1
  1136 | D:2      | Found a sparkling altar of Nemelex Xobeh.
  1197 | D:2      | Reached XP level 3. HP: 25/30 MP: 2/2
  1860 | D:3      | Noticed Sigmund
  1876 | D:3      | Killed Sigmund
  1877 | D:3      | Reached skill level 1 in Short Blades
  1877 | D:3      | Reached skill level 5 in Maces & Flails
  1877 | D:3      | Reached skill level 1 in Armour
  1877 | D:3      | Reached XP level 4. HP: 38/38 MP: 3/3
  1877 | D:3      | Reached XP level 5. HP: 45/45 MP: 4/4
  1890 | D:3      | Found a shimmering altar of Xom.
  1890 | D:3      | Found a stormy altar of Qazlal.
  2193 | D:3      | Learned a level 3 spell: Ozocubu's Armour
  2435 | D:3      | Identified the +1 robe "Ozuvur Fack" {*Slow Will+ Dex+3
                  | SInv}
  2490 | D:3      | Noticed Robin
  2498 | D:3      | Killed Robin
  2503 | D:3      | Reached XP level 6. HP: 50/51 MP: 5/5
  3265 | D:4      | Noticed Pikel
  3465 | D:3      | Killed Pikel
  3466 | D:3      | Reached skill level 4 in Armour
  3466 | D:3      | Reached skill level 5 in Dodging
  3466 | D:3      | Reached skill level 1 in Stealth
  3466 | D:3      | Reached XP level 7. HP: 47/58 MP: 6/6
  3962 | D:4      | Learned a level 2 spell: Jinxbite
  4065 | D:4      | Found a glowing golden altar of the Shining One.
  4073 | D:4      | Became a worshipper of the Shining One
  4419 | D:5      | Entered Level 5 of the Dungeon
  4487 | D:5      | Reached skill level 5 in Armour
  4494 | D:5      | Reached XP level 8. HP: 56/66 MP: 7/7
  5072 | D:5      | Noticed Prince Ribbit
  5077 | D:5      | Killed Prince Ribbit
  5078 | D:5      | Reached skill level 5 in Short Blades
  5078 | D:5      | Reached skill level 6 in Armour
  5585 | D:6      | Found a staircase to the Ecumenical Temple.
  5695 | D:6      | Reached skill level 7 in Armour
  5738 | D:6      | Reached XP level 9. HP: 73/73 MP: 8/8
  5933 | D:6      | Found Xyosaicw's Specific Store.
  5938 | D:6      | Found Xaululey's General Store.
  5951 | D:6      | Bought the +2 pair of slick slippers {slick, slippery,
                  | EV+4} for 351 gold pieces
  5951 | D:6      | Found the +2 pair of slick slippers {slick, slippery, EV+4}
  6293 | D:6      | Reached skill level 5 in Fighting
  6580 | Temple   | Entered the Ecumenical Temple
  7194 | D:7      | Reached * piety under the Shining One
  7279 | D:7      | Identified the +8 long sword "Ikhyat" {venom, Fly rN+ Will+
                  | Int-2}
  7317 | D:7      | Noticed Joseph
  7343 | D:7      | Killed Joseph
  7344 | D:7      | Reached skill level 8 in Armour
  7601 | D:7      | Reached skill level 9 in Armour
  7678 | D:7      | Found Ylusat's Antique Armour Shoppe.
  7678 | D:7      | Found Wyshix's Distillery.
  7692 | D:7      | Reached skill level 1 in Long Blades
  7833 | D:7      | Noticed a gargoyle
  7854 | D:7      | Killed a gargoyle
  7855 | D:7      | Reached XP level 10. HP: 71/82 MP: 9/9
  8082 | D:7      | Found a sacrificial altar of Ru.
  8707 | D:8      | Found a radiant altar of Vehumet.
  8791 | D:8      | Noticed a two-headed ogre
  8797 | D:8      | Killed a two-headed ogre
  8798 | D:8      | Reached skill level 5 in Long Blades
  8854 | D:8      | Noticed Gastronok
  8854 | D:8      | Reached ** piety under the Shining One
  8869 | D:8      | Killed Gastronok
  8870 | D:8      | Reached skill level 10 in Armour
  9091 | D:8      | Noticed a rakshasa
  9092 | D:8      | Found a shadowy altar of Dithmenos.
  9103 | D:8      | Reached XP level 11. HP: 80/92 MP: 10/10
  9113 | D:8      | Killed a rakshasa
  9120 | D:8      | Noticed a rakshasa
  9145 | D:8      | HP: 4/92 [rakshasa (illusionary)/+0 whip (12)]
  9148 | D:8      | HP: 1/92 [rakshasa (illusionary)/+0 whip (11)]
  9154 | D:8      | HP: 4/92 [rakshasa (illusionary)/+0 whip (4)]
  9154 | D:8      | Killed from afar by a rakshasa (illusionary)

Illustrated notes

Levels and vault maps discovered:
D:1:      dpeg_arrival_arbitrary_b, layout_rooms
D:2:      layout_basic, basic_altar, chequers_serial_rivers_micro_b
D:3:      layout_basic, chequers_temple_overflow_statue_of_worship,
          minmay_vboxes, uniq_robin, uniq_sigmund
D:4:      layout_loops_ring, tso_altar, uniq_pikel
D:5:      layout_loops_cross, chequers_serial_rivers_micro_c,
          kennysheep_decorative_pillar, uniq_prince_ribbit1
D:6:      layout_loops_ring, minmay_temple_entry_ruins, nicolae_specific_store,
          minmay_fractal_squares_diagonal_5
D:7:      minmay_chambers_of_fours, layout_cave_pools,
          mainiacjoe_overflow_alcove_4, nicolae_wooded_promenade, uniq_joseph
D:8:      regret_index_dithmenos_penumbral_divide, layout_basic,
          mainiacjoe_overflow_surrounded_room, uniq_gastronok
Temple:   eino_wide_crystal_templ

Skill      XL: |  1  2  3  4  5  6  7  8  9 10 11 |
---------------+----------------------------------+-----
Maces & Flails | 4 5 |  5.3
Fighting       | 3 4 5 7 |  7.4
Short Blades   | 1 2 3 6 8 |  8.4
Armour         | 1 4 5 7 9 10 | 10.4
Dodging        | 4 5 6 |  6.8
Stealth        | 1 2 |  2.3
Evocations     | 2 3 |  3.7
Long Blades    | 3 8 9 |  9.2
Throwing       | |  2.4

Action                     |  1- 3 |  4- 6 |  7- 9 | 10-12 || total
---------------------------+-------+-------+-------+-------++-------
  Melee: Flail             |    14 |       |       |       ||    14
         Dagger            |    23 |    45 |   234 |       ||   302
         Headbutt          |     6 |    13 |    63 |    25 ||   107
         Long sword        |       |       |    31 |   101 ||   132
  Throw: Throwing net      |     2 |       |       |       ||     2
  Evoke: Wand              |     3 |    18 |     9 |     3 ||    33
    Use: Scroll            |     3 |     2 |     5 |       ||    10
         Potion            |       |     1 |       |     3 ||     4
 Armour: Leather armour    |    19 |       |       |       ||    19
         Ring mail         |     4 |    37 |     1 |       ||    42
         Skin              |     3 |       |       |       ||     3
         Fire dragon scale |       |       |    78 |       ||    78
         Chain mail        |       |       |    74 |   103 ||   177
  Dodge: Dodged            |    27 |    27 |   156 |    83 ||   293

Table legend: (Time is in decaauts)
 A = Elapsed time spent in this place.
 B = Non-inter-level travel time spent in this place.
 C = Inter-level travel time spent in this place.
 D = Time resting spent in this place.
 E = Time spent auto-exploring this place.
 F = Levels seen in this place.
 G = Mean time per level.
                   A        B        C        D        E       F      G
               +--------+--------+--------+--------+--------+-----+--------+
         Total |   9076 |   3863 |   5213 |      0 |   2396 |   9 | 1008.4 |
       Dungeon |   9009 |   3861 |   5148 |      0 |   2396 |   8 | 1126.1 |
        Temple |     67 |      2 |     65 |      0 |      0 |   1 |   67.0 |
               +--------+--------+--------+--------+--------+-----+--------+

Top non-repeatable levels by time:
     D:3: 1638 daAuts
     D:6: 1629 daAuts
     D:7: 1130 daAuts
     D:5: 1044 daAuts
     D:1: 995 daAuts
     D:4: 967 daAuts
     D:8: 808 daAuts
     D:2: 794 daAuts
  Temple: 67 daAuts
